 Dungeon Crawl Stone Soup version 0.31-a0-1074-g0b22e4e0f1 (webtiles) character file.

Game seed: 5670897143649307211

97 kae the Sneak (level 4, 0/32 HPs)
             Began as a Demonspawn Enchanter on Nov 26, 2023.
             Was a Follower of Dithmenos.
             Slain by an orc
             ... wielding a +0 dagger
              (4 damage)
             ... on level 3 of the Dungeon.
             The game lasted 00:01:53 (1767 turns).

kae the Sneak (Demonspawn Enchanter)                Turns: 1767, Time: 00:01:54

Health: 0/32       AC:  3    Str:  8    XL:     4   Next: 42%
Magic:  7/7        EV: 12    Int: 18    God:    Dithmenos [*.....]
Gold:   71         SH:  0    Dex: 14    Spells: 5/7 levels left

rFire   . . .        a - +2 dagger
rCold   . . .        (no shield)
rNeg    . . .        b - +0 robe
rPois   .            k - +0 helmet
rElec   .            (no cloak)
rCorr   .            (no gloves)
SInv    .            (no boots)
Will    .....        (no amulet)
Stlth   +++          (no ring)
HPRegen 0.25/turn    (no ring)
MPRegen 0.10/turn

%: no passive effects
@: attractive, wreathed by umbra, invisible
A: claws 1, spiny 1
a: Renounce Religion


You were on level 3 of the Dungeon.
You worshipped Dithmenos.
Dithmenos was aware of your devotion.
You visited 1 branch of the dungeon, and saw 3 of its levels.

You collected 71 gold pieces.


Innate Abilities, Weirdness & Mutations

You have sharp fingernails.
You are partially covered in sharp spines.


   Skills:
 + Level 1.1 Fighting
 * Level 1.9 Short Blades
 + Level 2.2 Dodging
 * Level 3.3 Stealth
 + Level 2.2 Spellcasting
 + Level 3.2 Hexes
 * Level 0.9 Ice Magic


You had 5 spell levels left.
You knew the following spells:

 Your Spells              Type           Power      Damage    Failure   Level
a - Ensorcelled Hibernat  Hex/Ice        18%        N/A       11%         2

Your spell library contained the following spells:

 Spells                   Type           Power      Damage    Failure   Level
 Confusing Touch          Hex            13%        N/A       14%         3
 Tukima's Dance           Hex            13%        N/A       14%         3
 Dazzling Flash           Conj/Hex       14%        N/A       26%         3
 Passage of Golubria      Tloc           2%         N/A       87%         4
 Yara's Violent Unravell  Hex/Tmut       3%         3d4       94%         5

Inventory:

Hand Weapons
 a - a +2 dagger (weapon)
Missiles
 e - 3 poisoned darts
 f - 6 stones
Armour
 b - a +0 robe (worn)
 k - a +0 helmet (worn)
   (You found it on level 2 of the Dungeon)
Jewellery
 Z - a ring of wizardry
   (You found it on level 1 of the Dungeon)
Potions
 c - a potion of invisibility
 d - a potion of mutation {unknown}
 m - a potion of resistance {unknown}

Dungeon Overview and Level Annotations

Branches:
Dungeon (3/15) Zot: 16238

Altars:
Dithmenos

,*#....................,,,*,*,,,,
,*#.......o..........#*,,,*,,,*,,
,.........o.o........#*,,,*,,,*,,
.....................#*,,,*,,,*,,
................o....#*,,,*,,,*,,
..............##o#.....,,,,,,,*,,
,.............##o#,,...,,,,,,,*,,
,,............##o#,,,,.,,,,,,,*,,
,,,...........##@#,,,,,,,,,,,,*,,
,,,,..........##f#,,,,,,,,,,,,*,,
,,,,,.........##.#,,,,,,,,,,,,*,,
,,,,,,,.......*#.#,,,,,,***,***,,
,,,,,,,,,,,,,,*#.#,,,,,,***,* *,,
,,,,,,,,,,,,,^*#..,,,,,,,,,,* ***
,,,,,,,,*******###,,,,,******
,,,,,,,,* ****,** ,,,,***** *,*


You could see a sleepcap (unable to see you) and 4 orcs.


Message History

You barely miss the orc. The orc hits you with a +0 mace.
The orc is struck by your spines.
The orc hits you with a +0 dagger. 😕 HP[-3]
You take 3 damage, and now have 29/32 hp.
Unknown command.
You aren't carrying any scrolls.
Unknown command.
Okay, then.
Unknown command. 😕 HP[+1]
An orc comes into view. It is wielding a +0 flail.
The orc hits you but does no damage.
An orc comes into view. It is wielding a +0 mace. 😕 MP[+1]
Your mp is fully restored (7).
An orc comes into view. It is wielding a +0 dagger.
An endoplasm comes into view.
You see here a ring of willpower. 😕 HP[+1]
The orc attacks as it pursues you! The orc hits you but does no damage.
The orc is struck by your spines. The orc barely misses you.
The orc attacks as it pursues you! The orc is struck by your spines.
You kill the orc!
Dithmenos accepts your kill. The orc attacks as it pursues you!
The orc is struck by your spines. The orc barely misses you.
The orc shouts!
The endoplasm quivers.
The endoplasm barely misses you. 😎 HP[+1]
Your hp is fully restored (32).
The endoplasm freezes you.
You are frozen. 😕 HP[-1]
You take 1 damage, and now have 31/32 hp.
The endoplasm freezes you.
You are frozen. 😕 HP[-5]
You take 5 damage, and now have 26/32 hp.
The endoplasm jiggles.
The endoplasm attacks as it pursues you!
The endoplasm is struck by your spines. The endoplasm barely misses you.
The orc attacks as it pursues you! The orc completely misses you. 😕 HP[+1]
A sleepcap comes into view.
The endoplasm freezes you.
You are frozen. 😮 HP[-4]
You take 4 damage, and now have 23/32 hp.
The endoplasm attacks as it pursues you!
The endoplasm is struck by your spines.
You kill the endoplasm!
Dithmenos accepts your kill. 😮 HP[+1]
Okay, then.
You aren't carrying any scrolls.
Unknown command.
You aren't carrying any items that you can evoke.
Unknown command.
It was a potion of attraction.
You feel attractive to monsters. The orc is struck by your spines.
You kill the orc!
Dithmenos accepts your kill. The sleepcap is attracted toward you.
The orc is attracted toward you. x2
You fade into invisibility!
The sleepcap releases spores at you!
You are engulfed in a cloud of soporific spores!
You fall asleep.
The orc is struck by your spines. The orc hits you with a +0 whip!
You wake up.
* * * LOW HITPOINT WARNING * * *
😨 HP[-14]
You take 14 damage, and now have 10/32 hp.
MASSIVE DAMAGE!! (PAUSE)
You hit the sleepcap but do no damage. The sleepcap barely misses you.
The orc is struck by your spines.
You kill the orc!
Dithmenos accepts your kill.
You are shrouded in an aura of darkness!
The orc is attracted toward you. x3 😨 HP[+1]
You hit the sleepcap. The orc hits you but does no damage.
The sleepcap is struck by your spines. The sleepcap barely misses you.
You hit the sleepcap. The orc is struck by your spines.
The orc barely misses you. The sleepcap closely misses you.
Unknown command.
You hit the sleepcap. The orc closely misses you.
The sleepcap releases spores at you.
* * * LOW HITPOINT WARNING * * *
😨 HP[-2]
You take 2 damage, and now have 9/32 hp.
You hit the sleepcap. The orc hits you with a +0 dagger.
* * * LOW HITPOINT WARNING * * *
The sleepcap releases spores at you.
* * * LOW HITPOINT WARNING * * *
😱 HP[-5]
You take 5 damage, and now have 4/32 hp.
You catch the helpless sleepcap completely off-guard!
You puncture the sleepcap! The orc hits you with a +0 dagger.
You die...

Skill      XL: |  1  2  3  4 |
---------------+-------------+-----
Short Blades   | 1 |  1.9
Dodging        | 2 |  2.2
Stealth        | 3 |  3.3
Fighting       | 1 |  1.1
Spellcasting   | |  2.2
Hexes          | |  3.2
Ice Magic      | |  0.9

Action                     |  1- 3 |  4- 6 || total
---------------------------+-------+-------++-------
  Melee: Dagger            |    64 |    30 ||    94
         Punch             |     1 |     1 ||     2
   Cast: Ensorcelled Hiber |     7 |     1 ||     8
    Use: Scroll            |     2 |     4 ||     6
         Potion            |       |     2 ||     2
   Stab: Sleeping          |    13 |     3 ||    16
         Distracted        |       |     1 ||     1
         Invisible         |       |     1 ||     1
 Armour: Robe              |    28 |    17 ||    45
  Dodge: Dodged            |    26 |    17 ||    43

Levels and vault maps discovered:
D:1:      mrwooster_arrival_statue, layout_basic,
          dilly_ecumenical_altar_fadedgnrine
D:2:      minmay_razor_zed, layout_basic, basic_altar
D:3:      layout_basic, uniq_grinder, uniq_ijyb

Notes
Turn   | Place    | Note
-------+----------+-------------------------------------------
     0 | D:1      | kae the Demonspawn Enchanter began the quest for the Orb.
     0 | D:1      | Reached XP level 1. HP: 13/13 MP: 3/3
     0 | D:1      | magus.rc [v1.11.3]
    29 | D:1      | HP: 3/13 [endoplasm (3)]
    31 | D:1      | HP: 1/13 [frozen (3)]
    33 | D:1      | Reached skill level 1 in Short Blades
   217 | D:1      | Gained mutation: You are partially covered in sharp spines.
                  | [demonic ancestry]
   217 | D:1      | Reached XP level 2. HP: 20/20 MP: 5/5
   224 | D:1      | Learned a level 2 spell: Ensorcelled Hibernation
   435 | D:1      | Found a faded altar of an unknown god.
   867 | D:2      | Reached skill level 2 in Dodging
   881 | D:2      | Reached skill level 3 in Stealth
   881 | D:2      | Reached XP level 3. HP: 25/25 MP: 6/6
  1068 | D:2      | You add the spells Passage of Golubria and Yara's Violent
                  | Unravelling to your library.
  1124 | D:2      | You feel monstrous as your demonic heritage exerts itself.
  1124 | D:2      | Discovered your monstrous ancestry.
  1124 | D:2      | Gained mutation: You have sharp fingernails. [demonic
                  | ancestry]
  1124 | D:2      | Reached XP level 4. HP: 30/31 MP: 7/7
  1307 | D:2      | Found a shadowy altar of Dithmenos.
  1349 | D:2      | Became a worshipper of Dithmenos the Shadowed
  1377 | D:2      | Reached skill level 1 in Fighting
  1762 | D:3      | Reached * piety under Dithmenos
  1766 | D:3      | HP: 8/32 [orc/+0 dagger (2)]
  1767 | D:3      | Slain by an orc

Vanquished Creatures
  4 adders (D:2)
  A worm (D:2)
  A dart slug (D:2)
  3 orcs (D:3)
  4 endoplasms
  A giant cockroach (D:1)
  7 goblins
  2 hobgoblins
  2 jackals (D:2)
  3 kobolds (D:2)
  2 quokkas (D:2)
  8 ball pythons
  7 bats
  2 frilled lizards (D:2)
  6 rats
53 creatures vanquished.

Table legend:
 A = Non-vault XP
 B = Vault XP
 C = Vault XP percentage of total XP
 D = Non-vault monster count
 E = Vault monster count
 F = Vault count percentage of total count
                 A         B        C        D         E       F
            +---------+---------+-------+---------+---------+-------
      Total |     124 |      15 |  10.8 |      43 |      10 |  18.9
            +---------+---------+-------+---------+---------+-------
        D:1 |      26 |       0 |   0.0 |      17 |       0 |   0.0
        D:2 |      84 |      15 |  15.2 |      19 |      10 |  34.5
        D:3 |      14 |       0 |   0.0 |       7 |       0 |   0.0
            +---------+---------+-------+---------+---------+-------

Skill      XL: |  1  2  3  4 |
---------------+-------------+-----
Short Blades   | 1 |  1.9
Dodging        | 2 |  2.2
Stealth        | 3 |  3.3
Fighting       | 1 |  1.1
Spellcasting   | |  2.2
Hexes          | |  3.2
Ice Magic      | |  0.9

Action                     |  1- 3 |  4- 6 || total
---------------------------+-------+-------++-------
  Melee: Dagger            |    64 |    30 ||    94
         Punch             |     1 |     1 ||     2
   Cast: Ensorcelled Hiber |     7 |     1 ||     8
    Use: Scroll            |     2 |     4 ||     6
         Potion            |       |     2 ||     2
   Stab: Sleeping          |    13 |     3 ||    16
         Distracted        |       |     1 ||     1
         Invisible         |       |     1 ||     1
 Armour: Robe              |    28 |    17 ||    45
  Dodge: Dodged            |    26 |    17 ||    43

Illustrated notes

Table legend:
 A = Kills in this place as a percentage of kills in the entire game.
 B = Kills by you in this place as a percentage of kills by you in the entire game.
 C = Kills by friends in this place as a percentage of kills by friends in the entire game.
 D = Other kills in this place as a percentage of other kills in the entire game.
 E = Experience gained in this place as a percentage of experience gained in the entire game.
 F = Experience gained in this place divided by the number of levels of this place that you have seen.
                   A       B       C       D       E      F
               +-------+-------+-------+-------+-------+----------------------
         Total | 100.0 | 100.0 |   N/A |   N/A | 100.0 |  46.3
       Dungeon | 100.0 | 100.0 |   N/A |   N/A | 100.0 |  46.3
               +-------+-------+-------+-------+-------+----------------------

Table legend: (Time is in decaauts)
 A = Elapsed time spent in this place.
 B = Non-inter-level travel time spent in this place.
 C = Inter-level travel time spent in this place.
 D = Time resting spent in this place.
 E = Time spent auto-exploring this place.
 F = Levels seen in this place.
 G = Mean time per level.
                   A        B        C        D        E       F      G
               +--------+--------+--------+--------+--------+-----+--------+
         Total |   1760 |   1664 |     96 |     88 |   1219 |   3 |  586.7 |
       Dungeon |   1760 |   1664 |     96 |     88 |   1219 |   3 |  586.7 |
               +--------+--------+--------+--------+--------+-----+--------+

Top non-repeatable levels by time:
     D:2: 920 daAuts
     D:1: 792 daAuts
     D:3: 47 daAuts
